 Dungeon Crawl Stone Soup version 0.19.1 (console) character file.

13995 Morrissey the Cleaver (level 11, -3/104 HPs)
             Began as a Deep Dwarf Berserker on Dec 22, 2016.
             Was a High Priest of Trog.
             Slain by a komodo dragon (12 damage)
             ... on level 1 of the Lair of Beasts.
             The game lasted 00:22:41 (8295 turns).

Morrissey the Cleaver (Deep Dwarf Berserker)        Turns: 8295, Time: 00:22:42

Health: -3/104     AC: 19    Str: 23    XL:     11   Next: 82%
Magic:  18/18      EV:  8    Int:  9    God:    Trog [*****.]
Gold:   250        SH:  0    Dex: 12    Spells: 0 memorised, 10 levels left

rFire  . . .     SeeInvis +     b - +4 hand axe (flame)
rCold  . . .     Gourm    .     w - +0 plate armour
rNeg   . . .     Faith    .     (no shield)
rPois  .         Spirit   .     (helmet restricted)
rElec  .         Reflect  .     r - +0 cloak
rCorr  .         Harm     .     y - +2 pair of gloves
MR     +++..                    (no boots)
Stlth  ..........               m - amulet of magic regeneration
                                (no ring)
                                A - ring of see invisible

@: non-regenerating
A: damage resistance, recharge devices, horns 1, sense surroundings 2, slow
regeneration 3
a: Device Recharging, Berserk, Trog's Hand, Brothers in Arms, Burn Spellbooks,
Renounce Religion


You were on level 1 of the Lair of Beasts.
You worshipped Trog.
Trog was extremely pleased with you.
You were hungry.

You visited 2 branches of the dungeon, and saw 13 of its levels.

You collected 705 gold pieces.
You spent 455 gold pieces at shops.

Inventory:

Hand Weapons
 a - a +0 war axe
 b - a +4 hand axe of flaming (weapon)
Missiles
 h - 6 needles of sleeping
Armour
 r - a +0 cloak (worn)
 w - a +0 plate armour (worn)
 y - a +2 pair of gloves (worn)
Jewellery
 m - an amulet of magic regeneration (around neck)
 A - a ring of see invisible (left hand)
Wands
 c - a wand of heal wounds (2/9)
 u - a wand of flame (18/48)
 H - a wand of polymorph (11/24)
 J - a wand of random effects (17/48)
 K - a wand of acid (0/15)
Scrolls
 f - a scroll of magic mapping
 j - 3 scrolls of fog
 s - 4 scrolls of teleportation
 t - 4 scrolls of enchant armour
 x - 5 scrolls of remove curse
 z - a scroll of enchant weapon
 C - a scroll of holy word {unknown}
 G - a scroll of fear
 I - a scroll of torment {unknown}
Potions
 e - 6 potions of flight
 k - 3 potions of curing
 l - a potion of cure mutation
 p - a potion of resistance
 q - a potion of haste
 B - 2 potions of heal wounds
 E - a potion of invisibility
Comestibles
 d - 8 bread rations
 g - 20 chunks of flesh
 i - 5 meat rations
 n - 8 royal jellies
 o - 10 fruits
 v - 3 slices of pizza


   Skills:
 + Level 8.6 Fighting
 * Level 13.7 Axes
 + Level 10.1 Armour
 - Level 2.1 Dodging
 + Level 9.7 Evocations


You had 10 spell levels left.
You didn't know any spells.

Dungeon Overview and Level Annotations

Branches:
Dungeon (11/15)            Temple (0/1) D:5            Lair (2/6) D:8
  Swamp: Lair:2-4    Shoals: Lair:2-4     Snake: Lair:2-4    Spider: Lair:2-4
    Orc: D:9-12

Altars:
Ashenzari
Cheibriados
Dithmenos
Elyvilon
Fedhas
Gozag
Hepliaklqana
Kikubaaqudgha
Qazlal
Ru
Uskayaw
Yredelemnul
Zin
The Shining One

Shops:
D:4 }   D:10 !


Innate Abilities, Weirdness & Mutations

You are resistant to damage.
You can recharge devices by infusing magical energy.
You passively map the area around you.
You do not regenerate.
You have a pair of small horns on your head.


Message History

* * * LOW HITPOINT WARNING * * *
You barely miss the komodo dragon.
The komodo dragon is moderately wounded.
The komodo dragon bites you but does no damage.
You slash the komodo dragon! You burn the komodo dragon.
The komodo dragon is heavily wounded.
You closely miss the komodo dragon.
The komodo dragon is heavily wounded.
The komodo dragon bites you but does no damage.
You hit the komodo dragon but do no damage.
You headbutt the komodo dragon.
The komodo dragon is heavily wounded.
Your plate armour prevents you from hitting the komodo dragon.
The komodo dragon is heavily wounded.
The komodo dragon bites you!!
* * * LOW HITPOINT WARNING * * *
You hit the komodo dragon but do no damage.
The komodo dragon is heavily wounded.
The komodo dragon bites you!
You die...

, .##..[ ##.#
*....P... ####...#
........* #.##...#
.....>.###......# *,
...............#
#.............###
#..#...........#
#P.#.......#...##
#.@###..#......##
##l##.....P.....###
* #.....#...........
,......P##P###.###..
*
......#####.#.....#
*,..#...#
#...#[#.#..
,.##.#..##.....#....
.. ..#........##....
##.........<...


You could see a komodo dragon.

Vanquished Creatures
  2 centaur zombies
  A black mamba (Lair:1)
  A cyclops (D:7)
  Psyche (D:10)
  2 spiny frogs (Lair:1)
  4 komodo dragons (Lair:1)
  A troll (D:7)
  A queen bee (D:10)
  2 two-headed ogres (D:9)
  Grinder (D:6)
  A vampire (D:10)
  32 yaks
  A steam dragon (D:10)
  2 water moccasins
  4 porcupines
  An orc warrior (D:4)
  3 ice beasts
  2 phantoms
  A black bear (D:10)
  A sky beast (D:7)
  7 ogres
  A crocodile (Lair:2)
  2 big kobolds
  7 bullfrogs
  26 killer bees
  A howler monkey (D:7)
  A bullfrog zombie (D:5)
  6 crimson imps
  The ghost of sheala the Sneak, a weakling DEEn (D:4)
  8 orc wizards
  3 hounds
  A jelly (D:10)
  8 orc priests
  Crazy Yiuf (D:2)
  A bullfrog skeleton (D:4)
  A gnoll shaman (D:7)
  6 iguanas (Lair:1)
  5 worker ants
  4 gnolls
  A worker ant zombie (D:6)
  5 adders
  A shadow imp (D:6)
  An ooze (D:4)
  2 adder zombies (D:6)
  2 adder skeletons
  2 worms
  3 dart slugs
  3 leopard geckos
  31 orcs
  6 giant cockroaches
  8 goblins
  A hobgoblin (D:1)
  5 jackals
  3 quokkas
  8 bats
  5 frilled lizards
  9 kobolds
  A leopard gecko skeleton (D:5)
  3 quokka skeletons
  8 rats
  2 rat zombies (D:5)
264 creatures vanquished.

Vanquished Creatures (others)
  A fungus (Lair:1)
  A plant (Lair:1)
2 creatures vanquished.

Grand Total: 266 creatures vanquished

Notes
Turn   | Place    | Note
-------+----------+-------------------------------------------
     0 | D:1      | Morrissey the Deep Dwarf Berserker began the quest for the Orb.
     0 | D:1      | Reached XP level 1. HP: 20/20 MP: 1/1
    36 | D:1      | Reached XP level 2. HP: 27/27 MP: 2/2
   263 | D:1      | Reached skill level 4 in Axes
   488 | D:1      | Reached XP level 3. HP: 15/33 MP: 3/3
   873 | D:2      | Found a glowing golden altar of the Shining One.
   912 | D:2      | Found a glowing golden altar of the Shining One.
   987 | D:2      | Found a hide-covered altar of Uskayaw.
  1065 | D:2      | Found a runed door.
  1236 | D:2      | Noticed Crazy Yiuf
  1239 | D:2      | Killed Crazy Yiuf
  1239 | D:2      | Reached ** piety under Trog
  1239 | D:2      | Reached XP level 4. HP: 17/42 MP: 4/4
  1437 | D:3      | Found a faded altar of an unknown god.
  1618 | D:3      | Reached skill level 5 in Axes
  1675 | D:3      | Reached XP level 5. HP: 30/49 MP: 5/5
  1898 | D:3      | HP: 1/49 [orc priest/divine providence (16)]
  2094 | D:4      | Found Numot's Gadget Emporium.
  2126 | D:4      | Reached XP level 6. HP: 34/57 MP: 6/6
  2203 | D:4      | Noticed an orc warrior
  2215 | D:4      | Killed an orc warrior
  2215 | D:4      | Reached skill level 6 in Axes
  2292 | D:4      | Noticed sheala's ghost (weakling DEEn)
  2302 | D:4      | Killed sheala's ghost
  2395 | D:4      | Reached *** piety under Trog
  2695 | D:5      | Entered Level 5 of the Dungeon
  2695 | D:5      | Found a staircase to the Ecumenical Temple.
  2707 | D:5      | Reached XP level 7. HP: 36/64 MP: 7/7
  2780 | D:5      | Reached skill level 7 in Axes
  2864 | D:5      | Found a glowing silver altar of Zin.
  3050 | D:5      | Reached skill level 5 in Armour
  3086 | D:5      | Found an ancient bone altar of Kikubaaqudgha.
  3381 | D:5      | Reached skill level 8 in Axes
  3381 | D:5      | Reached XP level 8. HP: 20/73 MP: 8/8
  3522 | D:6      | Reached skill level 5 in Fighting
  3615 | D:6      | Reached **** piety under Trog
  3641 | D:6      | Reached skill level 1 in Evocations
  3771 | D:6      | Reached skill level 9 in Axes
  3934 | D:6      | Noticed Grinder
  3962 | D:6      | Killed Grinder
  4063 | D:6      | Gained mutation: You passively map the area around you. [Deep Dwarf growth]
  4063 | D:6      | Reached XP level 9. HP: 55/82 MP: 11/11
  4074 | D:6      | Paralysed by fainting for 9 turns
  4197 | D:6      | Found an opulent altar of Gozag.
  4646 | D:7      | Reached skill level 10 in Axes
  4651 | D:7      | Noticed a cyclops
  4671 | D:8      | Found a hazy altar of Hepliaklqana.
  4862 | D:7      | Noticed a troll
  4872 | D:7      | Killed a troll
  4884 | D:7      | Killed a cyclops
  4884 | D:7      | Reached skill level 5 in Evocations
  5262 | D:7      | Found a stormy altar of Qazlal.
  5262 | D:7      | Found a shattered altar of Ashenzari.
  5262 | D:7      | Found a sacrificial altar of Ru.
  5263 | D:7      | Found a snail-covered altar of Cheibriados.
  5264 | D:7      | Found a white marble altar of Elyvilon.
  5265 | D:7      | Found a blossoming altar of Fedhas.
  5266 | D:7      | Found a basalt altar of Yredelemnul.
  5489 | D:8      | Found a staircase to the Lair.
  5616 | D:9      | Reached XP level 10. HP: 41/92 MP: 14/14
  5635 | D:9      | Reached skill level 11 in Axes
  5797 | D:9      | Found a shadowy altar of Dithmenos.
  6326 | D:10     | Entered Level 10 of the Dungeon
  6812 | D:10     | Reached ***** piety under Trog
  6814 | D:10     | Reached skill level 12 in Axes
  7024 | D:10     | Found Cemnianiat's Distillery.
  7032 | D:10     | Bought a potion of beneficial mutation for 455 gold pieces
  7032 | D:10     | Gained mutation: You have a pair of small horns on your head. [potion of beneficial mutation]
  7222 | D:10     | Noticed Psyche
  7226 | D:10     | Killed Psyche
  7611 | Lair:1   | Entered Level 1 of the Lair of Beasts
  7630 | Lair:1   | Noticed a black mamba
  7639 | Lair:1   | Killed a black mamba
  7639 | Lair:1   | Reached XP level 11. HP: 46/102 MP: 16/16
  7969 | Lair:1   | Reached skill level 13 in Axes
  8144 | Lair:1   | Reached skill level 10 in Armour
  8152 | Lair:1   | Received a gift from Trog
  8295 | Lair:1   | Slain by a komodo dragon

Skill      XL: |  1  2  3  4  5  6  7  8  9 10 11 |
---------------+----------------------------------+-----
Axes           | 4 5 6 8 9 10 12 13 | 13.7
Fighting       | 3 4 5 6 7 8 |  8.6
Armour         | 3 4 5 6 7 9 10 | 10.1
Evocations     | 3 6 7 9 |  9.7
Dodging        | |  2.1

Action                   |  1- 3 |  4- 6 |  7- 9 | 10-12 || total
-------------------------+-------+-------+-------+-------++-------
Melee: Hand axe          |    93 |    75 |   405 |   383 ||   956
       War axe           |       |    45 |       |       ||    45
       Headbutt          |       |       |       |    65 ||    65
Invok: Berserk           |     3 |     7 |     5 |    11 ||    26
       Trog's Hand       |       |     1 |     4 |    10 ||    15
       Burn Spellbooks   |       |       |       |     1 ||     1
Evoke: Wand              |     1 |     1 |     3 |    16 ||    21
  Use: Scroll            |       |       |    15 |     5 ||    20
       Potion            |       |       |     1 |     1 ||     2
 Stab: Sleeping          |     3 |       |       |       ||     3
  Eat: Chunk             |     3 |    11 |    17 |    15 ||    46
       Meat ration       |       |       |       |     1 ||     1
       Beef jerky        |       |       |       |     1 ||     1
       Fruit             |       |       |       |     1 ||     1
Armor: Animal skin       |    18 |     7 |       |       ||    25
       Plate armour      |       |    44 |   222 |   143 ||   409
Dodge: Dodged            |    53 |    46 |   144 |    97 ||   340
